 Dungeon Crawl Stone Soup version 0.32-a0-711-g016ad743e0 (webtiles) character file.

Game seed: 11668373516679649934

3 fpsbossfight the Cudgeller (level 1, -1/12 HPs)
             Began as a Gargoyle Gladiator on Mar 15, 2024.
             Slain by a ball python (2 damage)
             ... on level 1 of the Dungeon.
             The game lasted 00:00:26 (71 turns).

fpsbossfight the Cudgeller (Gargoyle Gladiator)       Turns: 71, Time: 00:00:27

Health: -1/12      AC:  6    Str: 17    XL:     1   Next: 50%
Magic:  1/1        EV:  1    Int:  8    God:
Gold:   0          SH:  0    Dex: 11    Spells: 0/0 levels left

rFire   . . .        a - +0 flail
rCold   . . .        (no shield)
rNeg    + . .        b - +0 leather armour
rPois   ∞            c - +0 helmet
rElec   +            (no cloak)
rCorr   .            (no gloves)
SInv    .            (no boots)
Will    .....        (no amulet)
Stlth   +            (no ring)
HPRegen 0.22/turn    (no ring)
MPRegen 0.07/turn

%: no passive effects
@: constricted
A: sickness immunity, AC +2, negative energy resistance 1, electricity
resistance, torment resistance 1, petrification resistance
a: no special abilities


You were on level 1 of the Dungeon.
You visited 1 branch of the dungeon, and saw 1 of its levels.

Inventory:

Hand Weapons
 a - a +0 flail (weapon)
Missiles
 d - 3 throwing nets (quivered) {!f}
 e - a javelin
Armour
 b - a +0 leather armour (worn)
 c - a +0 helmet (worn)
Potions
 f - a potion of heal wounds {unknown}


   Skills:
 - Level 2.1 Fighting
 + Level 3.2 Maces & Flails
 - Level 1.7 Throwing
 - Level 2.4 Dodging


You couldn't memorise any spells.
You didn't know any spells.
Your spell library was empty.

Dungeon Overview and Level Annotations

Branches:
Dungeon (1/15)

Altars:


Innate Abilities, Weirdness & Mutations

You are immune to sickness and miasma.
Your stone body is resilient. (AC +2)
You are immune to poison.
You resist negative energy. (rN+)
You are resistant to electric shocks. (rElec)
You are resistant to unholy torment.
You are immune to petrification.


Message History

A ball python is nearby!
A ball python is nearby!
You sock the ball python!
You kill the ball python!
No target in view!
An endoplasm comes into view.
An endoplasm is nearby!
An endoplasm is nearby!
The endoplasm quivers.
You hit the endoplasm. The endoplasm freezes you.
You are frozen.
You take 2 damage, and have 10/12 hp.
You sock the endoplasm!
You kill the endoplasm!
No target in view!
A goblin comes into view. It is wielding a +1 dagger of freezing.
Health restored: 12 A goblin is nearby!
A goblin is nearby!
You closely miss the goblin.
The goblin hits you but does no damage. x2
You sock the goblin!
You kill the goblin!
No target in view!
No target in view!
You see here a +1 dagger of freezing.
Found a brown potion.
f - a brown potion A goblin comes into view.
It is wielding a +0 club.
The goblin shouts!
A goblin is nearby!
A goblin is nearby!
A ball python comes into view.
The ball python hisses angrily.
You closely miss the goblin. The goblin hits you with a +0 club.
You take 3 damage, and have 9/12 hp.
MASSIVE DAMAGE!!
You hit the goblin. The goblin completely misses you.
You miss the goblin. The goblin hits you with a +0 club. x2
The ball python closely misses you. x2
You take 2 damage, and have 7/12 hp.
The ball python attacks as it pursues you!
The ball python bites you.
* * * LOW HITPOINT WARNING * * *
The ball python grabs you. The ball python constricts you.
* * * LOW HITPOINT WARNING * * *
The goblin hits you with a +0 club.
* * * LOW HITPOINT WARNING * * *
You take 6 damage, and have 1/12 hp.
MASSIVE DAMAGE!!
You barely miss the goblin. The ball python bites you.
You die...

###..##.. .. ........
. ....... #. ......
####..##...# .# .....
....# ...
###.#.##g..##..#
.......@S........
.................
#..........#.....
###............#
...........#...##...
###.###...............
#........#.#........
####.......#.......
#.......#..#..#


You could see a goblin and a ball python.

Vanquished Creatures
  An endoplasm (D:1)
  A goblin (D:1)
  A ball python (D:1)
3 creatures vanquished.

Notes
Turn   | Place    | Note
-------+----------+-------------------------------------------
     0 | D:1      | fpsbossfight the Gargoyle Gladiator began the quest for the
                  | Orb.
     0 | D:1      | Reached XP level 1. HP: 12/12 MP: 1/1
    71 | D:1      | Slain by a ball python

Illustrated notes

Levels and vault maps discovered:
D:1:      scummos_arrival_simple_fountains, layout_basic, chequers_avenue

Action                     || total
---------------------------++-------
  Melee: Flail             ||     9
 Armour: Leather armour    ||     9
  Dodge: Dodged            ||     3

Table legend: (Time is in decaauts)
 A = Elapsed time spent in this place.
 B = Non-inter-level travel time spent in this place.
 C = Inter-level travel time spent in this place.
 D = Time resting spent in this place.
 E = Time spent auto-exploring this place.
 F = Levels seen in this place.
 G = Mean time per level.
                   A        B        C        D        E       F      G
               +--------+--------+--------+--------+--------+-----+--------+
         Total |     73 |     73 |      0 |      0 |     37 |   1 |   73.0 |
       Dungeon |     73 |     73 |      0 |      0 |     37 |   1 |   73.0 |
               +--------+--------+--------+--------+--------+-----+--------+

Top non-repeatable levels by time:
     D:1: 73 daAuts
